 Dungeon Crawl Stone Soup version 0.22-a0-848-ge9e22a0 (webtiles) character file.

1939 Kuinu the Fighter (level 8, 0/77 HPs)
             Began as a Minotaur Fighter on July 26, 2018.
             Succumbed to a gnoll sergeant's poison
             ... on level 6 of the Dungeon.
             The game lasted 00:12:18 (5051 turns).

Kuinu the Fighter (Minotaur Fighter)                Turns: 5051, Time: 00:12:19

Health: 0/77       AC: 13    Str: 23    XL:     8   Next: 98%
Magic:  7/7        EV:  6    Int:  5    God:
Gold:   384        SH: 10    Dex: 10    Spells: 7/7 levels left

rFire    . . .     SeeInvis .   F - +0 long sword
rCold    + . .     Gourm    .   y - +0 shield
rNeg     . . .     Faith    .   e - +0 chain mail
rPois    .         Spirit   .   (helmet restricted)
rElec    .         Reflect  .   C - +0 cloak
rCorr    .         Harm     .   j - +0 pair of gloves
MR       .....                  (no boots)
Stlth    ..........             (no amulet)
HPRegen  0.22/turn              l - ring of protection from cold
MPRegen  0.10/turn              (no ring)

@: lethally poisoned (0 -> -13), hasted, very quick
A: retaliatory headbutt, horns 2
a: no special abilities


You were on level 6 of the Dungeon.
You were not hungry.

You visited 1 branch of the dungeon, and saw 6 of its levels.

You collected 384 gold pieces.

Inventory:

Hand Weapons
 a - a +0 long sword
 s - a +0 falchion
 B - a +0 long sword
 F - a +0 long sword (weapon)
Armour
 b - a +0 scale mail
 c - a +0 shield
 e - a +0 chain mail (worn)
 j - a +0 pair of gloves (worn)
 v - the +1 scale mail of Resonance {Dex+2, unknown}
   (You found it on level 5 of the Dungeon)

   It affects your dexterity (+2).
 y - a +0 shield (worn)
 C - a +0 cloak (worn)
Jewellery
 l - a ring of protection from cold (left hand)
Wands
 d - a wand of flame (23)
 t - a wand of iceblast (7)
 x - a wand of disintegration (13)
Scrolls
 g - a scroll of noise {unknown}
 h - a scroll of fear {unknown}
 i - 3 scrolls of random uselessness {unknown}
 k - 3 scrolls of identify {unknown}
 m - a scroll of fog {unknown}
 o - 2 scrolls of magic mapping {unknown}
 p - 5 scrolls of teleportation {unknown}
 q - 4 scrolls of remove curse {unknown}
 w - a scroll of immolation {unknown}
 A - a scroll of amnesia {unknown}
 G - a scroll of enchant weapon {unknown}
Potions
 n - a potion of flight
 u - a potion of lignification
 E - a potion of mutation {unknown}
Comestibles
 f - 3 rations
 D - 14 chunks of flesh


   Skills:
 * Level 8.9 Fighting
 * Level 8.4 Long Blades
 + Level 6.8 Armour
 + Level 6.7 Shields


You had 7 spell levels left.
You didn't know any spells.
Your spell library was empty.

Dungeon Overview and Level Annotations

Branches:
Dungeon (6/15)
 Temple: D:4-7

Altars:
Dithmenos

Shops:
D:4 (


Innate Abilities, Weirdness & Mutations

You reflexively headbutt those who attack you in melee.
You have a pair of horns on your head.


Message History

You barely miss the gnoll.
The gnoll is almost dead.
The gnoll barely misses you.
The gnoll sergeant hits you from afar with a trident of venom!
* * * LOW HITPOINT WARNING * * *
You are lethally poisoned!
* * * LOW HITPOINT WARNING * * *
You feel sick. You block the gnoll's attack. The gnoll closely misses you.
* * * LOW HITPOINT WARNING * * *
You feel sick.
* * * LOW HITPOINT WARNING * * *
You feel sick.
* * * LOW HITPOINT WARNING * * *
You feel sick.
* * * LOW HITPOINT WARNING * * *
You feel sick.
Okay, then.
* * * LOW HITPOINT WARNING * * *
You feel sick.
You die...

........g......#.###
.........g.....#...#
.........g..gg..#
#####...#####g..# #...#
#>#.# #...#####g##.#
#.......g....#
#....####.###.# #...@####...
.# #......##..## .
##.#.#.##..# .# ###.#.##..#
######## ####.......#####
#.(....# #......###..<..#
#.####.#####.###.....)..###
#.................#####.#
##....#.######.#########.###


There were no monsters in sight!

Vanquished Creatures
  A hippogriff (D:4)
  Sigmund (D:5)
  Eustachio (D:4)
  An orc warrior (D:6)
  2 ogres
  A centaur (D:5)
  3 scorpions
  3 crimson imps
  5 orc priests
  3 hounds
  A centaur skeleton (D:5)
  Ijyb (D:5)
  7 orc wizards
  5 worker ants
  A killer bee zombie (D:5)
  2 worker ant zombies
  5 gnolls
  4 adders
  6 worms
  3 dart slugs
  8 leopard geckos
  22 orcs
  2 ball pythons (D:3)
  4 giant cockroaches
  11 hobgoblins
  14 jackals
  3 quokkas
  4 bats
  2 frilled lizards
  3 goblins
  A jackal skeleton (D:4)
  7 kobolds
  A leopard gecko zombie (D:5)
  3 rats
141 creatures vanquished.

Notes
Turn   | Place    | Note
-------+----------+-------------------------------------------
     0 | D:1      | Kuinu the Minotaur Fighter began the quest for the Orb.
     0 | D:1      | Reached XP level 1. HP: 19/19 MP: 0/0
   183 | D:1      | Reached XP level 2. HP: 27/27 MP: 1/1
   546 | D:2      | Reached XP level 3. HP: 33/33 MP: 2/2
   814 | D:2      | You fall through a shaft!
   833 | D:3      | Found a shadowy altar of Dithmenos.
   888 | D:3      | Reached XP level 4. HP: 31/41 MP: 3/3
  1089 | D:3      | Reached skill level 5 in Fighting
  1089 | D:3      | Reached XP level 5. HP: 39/48 MP: 4/4
  1879 | D:4      | Reached XP level 6. HP: 49/56 MP: 5/5
  1970 | D:4      | Found Dacuitas's Weapon Boutique.
  1985 | D:4      | Reached skill level 5 in Long Blades
  2254 | D:4      | Reached skill level 5 in Armour
  2254 | D:4      | Reached skill level 5 in Shields
  2520 | D:4      | Noticed a hippogriff
  2540 | D:4      | Killed a hippogriff
  2540 | D:4      | Reached XP level 7. HP: 41/64 MP: 6/6
  3379 | D:4      | Noticed Eustachio
  3419 | D:4      | Killed Eustachio
  3752 | D:5      | Entered Level 5 of the Dungeon
  3756 | D:5      | Reached XP level 8. HP: 69/73 MP: 7/7
  3850 | D:5      | Got a transparent scale mail
  3903 | D:5      | Noticed Ijyb
  3919 | D:5      | Killed Ijyb
  4008 | D:5      | Noticed Sigmund
  4032 | D:5      | Killed Sigmund
  5049 | D:6      | HP: 3/77 [poisoned by a gnoll sergeant]
  5050 | D:6      | HP: 1/77 [poisoned by a gnoll sergeant]
  5051 | D:6      | Succumbed to a gnoll sergeant's poison

Vault maps used:
D:1:      dpeg_arrival_erosion, minmay_pentomino_r4
D:3:      grunt_dithmenos_smoke, first_ration, item_on_display_a
D:4:      serial_shops, nicolae_shop_window_shopping, uniq_eustachio
D:5:      uniq_ijyb, uniq_sigmund
D:6:      gammafunk_temple_overflow_forgotten, grunt_decor_clamped, tgw_xom

Skill      XL: |  1  2  3  4  5  6  7  8 |
---------------+-------------------------+-----
Long Blades    | 3 4 5 6 8 |  8.4
Fighting       | 4 5 6 7 8 |  8.9
Armour         | 4 5 6 |  6.8
Shields        | 4 5 6 |  6.7

Action                   |  1- 3 |  4- 6 |  7- 9 || total
-------------------------+-------+-------+-------++-------
Melee: Long sword        |    93 |   176 |   224 ||   493
       Headbutt          |    15 |    26 |    43 ||    84
  Use: Potion            |       |    11 |     5 ||    16
  Eat: Chunk             |       |     6 |     2 ||     8
       Ration            |       |       |     2 ||     2
Armor: Chain mail        |    37 |    85 |   186 ||   308
       Scale mail        |     1 |       |       ||     1
       Skin              |       |       |     7 ||     7
Dodge: Dodged            |    23 |    33 |    86 ||   142
Block: Shield            |    60 |    94 |   163 ||   317
       Rpst.: Long sword |     3 |     5 |    18 ||    26

Table legend:
 A = Spawn XP
 B = Non-spawn XP
 C = Spawn XP percentage of total XP
 D = Spawn monster count
 E = Non-spawn monster count
 F = Spawn count percentage of total count
 G = Total turns spent on level
                    A         B        C        D         E        F      G
               +---------+---------+-------+---------+---------+-------+---------
         Total |       0 |    2771 |   0.0 |       0 |     141 |   0.0 |  5051
               +---------+---------+-------+---------+---------+-------+---------
           D:1 |       0 |      26 |   0.0 |       0 |      14 |   0.0 |   503
           D:2 |       0 |      74 |   0.0 |       0 |      30 |   0.0 |   648
           D:3 |       0 |     225 |   0.0 |       0 |      29 |   0.0 |   721
           D:4 |       0 |    1062 |   0.0 |       0 |      31 |   0.0 |  1880
           D:5 |       0 |    1027 |   0.0 |       0 |      22 |   0.0 |  1094
           D:6 |       0 |     357 |   0.0 |       0 |      15 |   0.0 |   205
               +---------+---------+-------+---------+---------+-------+---------
